 Dungeon Crawl Stone Soup version 0.22-a0-618-gd6a3efe (webtiles) character file.

20 iamserjio the Poker (level 2, -1/20 HPs)
             Began as an Octopode Wanderer on July 13, 2018.
             Slain by an ooze (4 damage)
             ... on level 1 of the Dungeon.
             The game lasted 00:01:06 (294 turns).

iamserjio the Poker (Octopode Wanderer)              Turns: 294, Time: 00:01:07

Health: -1/20      AC:  1    Str: 11    XL:     2   Next: 79%
Magic:  2/2        EV: 13    Int: 15    God:
Gold:   13         SH:  0    Dex: 10    Spells: 1/1 levels left

rFire    . . .     SeeInvis .   a - +2 spear
rCold    . . .     Gourm    .   (no shield)
rNeg     . . .     Faith    .   (helmet restricted)
rPois    .         Spirit   .   (no amulet)
rElec    .         Reflect  .   (no ring)
rCorr    .         Harm     .   (no ring)
MR       .....                  (no ring)
Stlth    +++.......             (no ring)
HPRegen  0.06/turn              (no ring)
MPRegen  0.08/turn              (no ring)
                                (no ring)
                                (no ring)

@: no status effects
A: almost no armour, stealthy swim, amphibious, 8 rings, constrict 8, camouflage
1, gelatinous body 1
a: no special abilities


You were on level 1 of the Dungeon.
You were not hungry.

You visited 1 branch of the dungeon, and saw 1 of its levels.

You collected 13 gold pieces.

Inventory:

Hand Weapons
 a - a +2 spear (weapon)
Missiles
 e - 8 poisoned javelins (quivered)
 m - 4 needles of confusion
 n - a stone
Scrolls
 f - a scroll of magic mapping {unknown}
 g - 2 scrolls of identify {unknown}
 h - a scroll of teleportation {unknown}
 i - a scroll of fog {unknown}
 j - a scroll of enchant armour {unknown}
Potions
 b - a potion of curing {@q1}
 c - a potion of lignification
 l - a potion of mutation {unknown}
Comestibles
 d - a ration


   Skills:
 + Level 2.3 Fighting
   Level 2.0 Maces & Flails
 - Level 3.0 Polearms
 * Level 2.0 Dodging
 + Level 2.2 Stealth
   Level 1.0 Shields


You had one spell level left.
You didn't know any spells.
Your spell library was empty.

Dungeon Overview and Level Annotations

Branches:
Dungeon (1/15)

Altars:
Ashenzari


Innate Abilities, Weirdness & Mutations

You cannot wear most types of armour.
You are very stealthy in the water. (Stealth+)
You are amphibious.
You can wear up to eight rings at the same time.
You can use your tentacles to constrict eight enemies at once.
Your skin changes colour to match your surroundings (Stealth+).
Your rubbery body absorbs attacks. (AC +1, EV +1)


Message History

The hobgoblin hits you.
You are too injured to fight recklessly!
You barely miss the hobgoblin. You grab the hobgoblin.
The hobgoblin is moderately wounded.
You constrict the hobgoblin, but do no damage.
The hobgoblin hits you.
* * * LOW HITPOINT WARNING * * *
You hit the hobgoblin.
You kill the hobgoblin!
Your Dodging skill increases to level 2!
The bat closely misses you.
You completely miss the bat. You grab the bat. You constrict the bat.
The bat hits you but does no damage. x2; The bat hits you.
* * * LOW HITPOINT WARNING * * *
You hit the bat.
You kill the bat!
You hit the ooze.
The ooze is heavily wounded.
The ooze hits you.
You die...

... .# #≈...§.≈#..... .. .
#.# +.≈≈§§§.§.#### . ...
.##.# #≈≈≈.≈≈≈#.# ..##.#
...# ####§####.#...
....##..# ......#.#...
#......# ######.#.#...
#....#.# ########.#.#...
...##....####......#.#.#...
#..)..††rJ@.'......'...#...
#.....#######......##.#####
..##... #########..# .
...#. ####'### ..###.
#......# ##% #. #......# .
#. #......# #......#
#####..##


You could see an ooze and a rat.

Vanquished Creatures
  A dart slug (D:1)
  2 bats (D:1)
  2 goblins (D:1)
  5 hobgoblins (D:1)
  4 kobolds (D:1)
  A rat (D:1)
15 creatures vanquished.

Notes
Turn   | Place    | Note
-------+----------+-------------------------------------------
     0 | D:1      | iamserjio the Octopode Wanderer began the quest for the Orb.
     0 | D:1      | iamserjio set off with: a +2 spear, a potion of curing {@q1}, a potion of lignification, a ration
     0 | D:1      | Reached XP level 1. HP: 14/14 MP: 1/1
    79 | D:1      | Reached XP level 2. HP: 13/19 MP: 2/2
   174 | D:1      | Found a shattered altar of Ashenzari.
   294 | D:1      | Slain by an ooze

Vault maps used:
D:1:      ncdulo_lavacross, hangedman_decor_points, minmay_misc_feat_square,
          skrybe_limestone_x, nicolae_ashenzari_panopticon

Skill      XL: |  1  2 |
---------------+-------+-----
Stealth        | 2 |  2.2
Dodging        | 2 |  2.0
Fighting       | |  2.3
Maces & Flails | |  2.0
Polearms       | |  3.0
Shields        | |  1.0

Action                   || total
-------------------------++-------
Melee: Spear             ||    31
       Constrict         ||     9
       Tentacles         ||     3
 Stab: Sleeping          ||     2
Armor: Skin              ||     4
Dodge: Dodged            ||     6

Table legend:
 A = Spawn XP
 B = Non-spawn XP
 C = Spawn XP percentage of total XP
 D = Spawn monster count
 E = Non-spawn monster count
 F = Spawn count percentage of total count
 G = Total turns spent on level
                    A         B        C        D         E        F      G
               +---------+---------+-------+---------+---------+-------+---------
         Total |       0 |      29 |   0.0 |       0 |      15 |   0.0 |   294
               +---------+---------+-------+---------+---------+-------+---------
           D:1 |       0 |      29 |   0.0 |       0 |      15 |   0.0 |   294
               +---------+---------+-------+---------+---------+-------+---------
